 Dungeon Crawl Stone Soup version 0.24.1-4-ge52af88ad5 (webtiles) character file.

Game seed: 516707175245888507, levelgen mode: deterministic

152259 Curus the Severer (level 17, -25/158 HPs)
             Began as a Grey Draconian Berserker on Apr 17, 2020.
             Was the Champion of Trog.
             Killed from afar by Nikola (30 damage)
             ... with a chain lightning
             ... on level 3 of the Swamp.
             The game lasted 02:58:48 (25068 turns).

Curus the Severer (Grey Draconian Berserker)       Turns: 25068, Time: 02:58:49

Health: -25/158    AC: 22    Str: 22    XL:     17   Next: 2%
Magic:  20/20      EV: 24    Int:  7    God:    Trog [******]
Gold:   1204       SH:  0    Dex: 12    Spells: 16/16 levels left

rFire    + . .     SeeInvis +   S - +5 executioner's axe (freeze)
rCold    . . .     Gourm    .   (shield currently unavailable)
rNeg     + + +     Faith    .   (armour unavailable)
rPois    +         Spirit   .   d - +2 hat
rElec    .         Reflect  .   X - scarf {cloud immunity}
rCorr    .         Harm     .   s - +2 pair of gloves
MR       ++++.                  f - +2 pair of boots
Stlth    +.........             W - amulet of regeneration
HPRegen  1.76/turn              j - ring "Xuf Tula" {rF+ rN+ EV+4 Dex-4 Slay+3}
MPRegen  0.17/turn              V - ring "Bymus" {rN++ MR+ SInv}

@: regenerating, studying Bows
A: walk through water, unfitting armour, horns 1, poison resistance, screaming
1, unbreathing, cold-blooded, AC +14
a: Berserk, Trog's Hand, Brothers in Arms, Renounce Religion


You were on level 3 of the Swamp.
You worshipped Trog.
Trog was exalted by your worship.
You were not hungry.

You visited 4 branches of the dungeon, and saw 26 of its levels.
You also visited: Ice Cave.

You collected 3215 gold pieces.
You spent 2011 gold pieces at shops.

Inventory:

Hand Weapons
 N - a +1 broad axe of flaming
 S - a +5 executioner's axe of freezing (weapon)
Armour
 d - a +2 hat (worn)
 f - a +2 pair of boots (worn)
 s - a +2 pair of gloves (worn)
 U - a +2 cloak of magic resistance
 X - a scarf of cloud immunity (worn)
Jewellery
 a - an uncursed ring of attention
 g - a +5 ring of protection
 j - the ring "Xuf Tula" (left hand) {rF+ rN+ EV+4 Dex-4 Slay+3}
   (You found it on level 4 of the Dungeon)

   [ring of evasion]

   It affects your evasion (+4).
   It affects your dexterity (-4).
   It affects your accuracy and damage with ranged weapons and melee attacks
   (+3).
   It protects you from fire.
   It protects you from negative energy.
 n - an uncursed amulet of guardian spirit
 p - an uncursed ring of flight
 t - an uncursed ring of resist corrosion
 x - an uncursed ring of protection from fire
 I - an uncursed ring of protection from fire
 K - the cursed ring of Woidyr {+Inv rElec rN++ Int-2}
   (You took it off a centaur warrior on level 12 of the Dungeon)

   [ring of intelligence]

   It affects your intelligence (-2).
   It insulates you from electricity.
   It greatly protects you from negative energy.
   It lets you turn invisible.
   It has a curse placed upon it.
 L - an uncursed ring of teleportation
 M - an uncursed amulet of the gourmand
 O - a cursed amulet of inaccuracy
 R - an uncursed ring of protection from fire
 V - the ring "Bymus" (right hand) {rN++ MR+ SInv}
   (You bought it in a shop on level 2 of the Orcish Mines)

   [ring of see invisible]

   It greatly protects you from negative energy.
   It affects your resistance to hostile enchantments.
   It lets you see invisible.
 W - an amulet of regeneration (around neck)
 Y - a +6 ring of intelligence
 Z - the ring of Wannejar {Wiz Dex+8}
   (You took it off a wight on level 11 of the Dungeon)

   [ring of wizardry]

   It improves your spell success rate.
   It affects your dexterity (+8).
Wands
 k - a wand of iceblast (19)
 m - a wand of disintegration (26)
 y - a wand of digging (6)
 G - a wand of enslavement (9)
 J - a wand of flame (62)
 P - a wand of random effects (16)
 T - a wand of acid (19)
Scrolls
 c - 7 scrolls of magic mapping
 o - 11 scrolls of identify
 q - a scroll of remove curse
 u - 3 scrolls of noise
 v - 10 scrolls of teleportation
 w - 4 scrolls of blinking
 A - 3 scrolls of fear
 B - 7 scrolls of fog
 Q - a scroll of enchant armour
Potions
 e - 5 potions of haste
 h - 8 potions of curing
 i - 3 potions of heal wounds
 l - 2 potions of berserk rage
 r - 2 potions of agility
 z - 3 potions of ambrosia
 D - a potion of might
 E - 2 potions of flight
 F - 5 potions of brilliance
 H - 2 potions of invisibility
Books
 C - a manual of Bows
Comestibles
 b - 37 rations


   Skills:
 + Level 16.0 Fighting
 - Level 20.9 Axes
 + Level 13.8 Dodging
 - Level 5.1 Evocations


You had 16 spell levels left.
You didn't know any spells.
Your spell library was empty.

Dungeon Overview and Level Annotations

Branches:
Dungeon (15/15)            Temple (0/1) D:5            Lair (6/6) D:9
  Swamp (3/4) Lair:3       Spider (0/4) Lair:2        Slime (0/5) Lair:6
    Orc (2/2) D:9             Elf (0/3) Orc:2        Vaults (0/5) D:13
 Depths (0/5) D:15          IceCv (visited)

Altars:
Ashenzari
Cheibriados
Dithmenos
Gozag
Kikubaaqudgha
Nemelex Xobeh
Okawaru
Qazlal
Ru
Trog
Uskayaw
Vehumet
Wu Jian
Xom
The Shining One

Shops:
D:7 (   D:9 :   Orc:1 *   Orc:2 (=[:

Annotations:
D:7 2 transporters, Grum; H0rd4k's ghost, novice HuAr
Swamp:3 Nikola


Innate Abilities, Weirdness & Mutations

You can walk through water.
Your dull iron-grey scales are very hard. (AC +14)
You cannot fit into any form of body armour.
You can survive without breathing.
You are cold-blooded and may be slowed by cold attacks.
You have a pair of small horns on your head.
Your system is resistant to poisons. (rPois)
You occasionally shout uncontrollably at your foes.


Message History

The zap hits you!
* * * LOW HITPOINT WARNING * * *
Your stone giant hits Nikola!!
You slice the insubstantial wisp!! You freeze the insubstantial wisp.
You destroy the insubstantial wisp!
Trog accepts your kill.
You slice the insubstantial wisp!! You freeze the insubstantial wisp.
You destroy the insubstantial wisp!
Trog accepts your kill.
You closely miss the insubstantial wisp.
The sentinel's mark upon you fades away.
Your stone giant barely misses Nikola.
Nikola casts a spell.
You hear a mighty clap of thunder!
The lightning arc hits you!!
* * * LOW HITPOINT WARNING * * *
The lightning arc hits the insubstantial wisp.
The insubstantial wisp completely resists.
The lightning arc hits you!!
You die...

♣♣♣.♣.♣♣≈...≈≈.≈≈♣♣ .≈§...
♣...≈≈≈.≈≈≈..≈≈.♣♣♣♣♣.≈≈...
..♣.≈≈♣.≈≈♣.≈≈≈.≈..♣..≈≈...
♣≈≈≈≈.≈§.≈≈♣C≈≈♣≈≈≈..≈≈≈≈(≈.
♣≈..≈§§≈.≈..@..§.≈≈.†≈≈≈≈≈..
.≈..≈≈≈≈≈≈.♣.≈≈♣.....
≈♣♣.≈≈≈≈≈♣...§≈≈≈≈≈≈≈.
♣.≈≈≈≈≈≈≈v≈♣≈.≈...♣.
♣....≈≈@v.♣♣♣♣...≈≈.
♣≈≈≈...♣†♣♣ ......
♣..t.≈♣..≈♣ ♣.....
##.#.≈≈≈≈.♣ ≈≈≈≈≈ . #.≈≈≈≈..
≈≈≈≈? .≈♣≈≈.≈ #≈♣≈≈ .≈≈ ♣.
.≈ (..


You could see Nikola, an alligator, 2 insubstantial wisps and a friendly stone
giant (berserk).

Vanquished Creatures
  Roxanne (D:15)
  A fire giant (D:15)
  An orc warlord (D:9)
  The ghost of Loxlax the Arsonist, a journeyman DrFE of Ashenzari (D:12)
  2 entropy weavers
  Azrael (D:14)
  Nessos (Orc:2)
  An ettin (Orc:1)
  A blizzard demon (IceCv)
  A merfolk impaler (D:12)
  Fannar (D:12)
  Erolcha (D:13)
  8 vault guards (D:13)
  The ghost of monokles the Slicer, a journeyman KoEn of Okawaru (Orc:1)
  A naga warrior (D:12)
  17 hydras
  Erica (D:11)
  A ghost crab (Swamp:1)
  14 two-headed ogres
  A queen ant (Lair:6)
  6 alligators
  A death knight (D:13)
  3 ogre magi
  The ghost of monokles the Summoner, a journeyman TeSu of Sif Muna (Lair:1)
  A centaur warrior (D:12)
  2 tengu warriors
  Urug (Lair:2)
  6 death yaks
  3 orc high priests
  Sonja (D:11)
  A spriggan druid (Swamp:2)
  3 swamp dragons (Swamp:2)
  6 unseen horrors
  2 deep trolls (Orc:2)
  An orc knight (D:12)
  3 phantasmal warriors
  2 wolf spider zombies (D:13)
  Pikel (D:5)
  18 ugly things
  7 cyclopes
  2 deep elf magi
  4 orc sorcerers
  2 manticores
  A torpor snail (Lair:5)
  Maurice (D:9)
  4 elephants (Lair:3)
  2 black mambas (Lair:6)
  19 spiny frogs
  2 ice statues (IceCv)
  Psyche (D:8)
  3 gargoyles
  An efreet (D:15)
  2 rime drakes
  4 komodo dragons
  A freezing wraith (D:12)
  14 ice devils (IceCv)
  16 trolls
  A meliai (shapeshifter) (D:14)
  3 meliai (D:14)
  6 tyrant leeches
  5 polar bears
  8 hornets
  A polar bear (shapeshifter) (D:15)
  5 slime creatures (Swamp:2)
  6 dream sheep
  5 hippogriffs
  25 blink frogs
  A meliai zombie (D:10)
  5 bog bodies
  Sigmund (D:2)
  3 shadows
  38 yaks
  18 spriggans
  4 wraiths
  4 basilisks
  2 wyverns
  4 fire elementals
  2 vampires
  A steam dragon (D:11)
  A redback simulacrum (D:14)
  8 swamp worms
  9 vampire mosquitoes
  3 wargs
  3 acid dragons
  29 soldier ants
  13 insubstantial wisps
  16 water moccasins
  3 hell hounds (D:14)
  10 porcupines
  5 swamp drakes
  29 orc warriors
  A slave (D:5)
  An eye of draining (D:13)
  3 ice beasts
  4 phantoms
  4 sky beasts
  33 ogres
  4 black bears
  7 boggarts
  24 wolves
  4 centaurs
  8 crocodiles
  21 bullfrogs
  A gnoll sergeant (D:8)
  6 scorpions
  13 killer bees
  11 wights
  5 howler monkeys
  3 lava snakes (D:11)
  9 crimson imps
  3 centaur zombies
  3 bullfrog zombies
  A quasit (D:11)
  17 jellies
  23 orc priests
  10 hounds
  25 orc wizards
  2 bullfrog skeletons
  3 centaur skeletons
  3 iguanas
  Natasha (thrice) (D:2)
  23 worker ants
  4 hell rats (Lair:3)
  A killer bee zombie (D:8)
  A hound zombie (D:8)
  3 hound skeletons
  A worker ant zombie (D:11)
  Robin (D:2)
  12 gnolls
  16 adders
  4 shadow imps
  7 white imps (IceCv)
  8 ufetubi (IceCv)
  An ooze (D:3)
  2 adder zombies
  2 worms
  3 dart slugs
  5 leopard geckos
  77 orcs
  12 bats
  6 giant cockroaches
  18 goblins
  7 hobgoblins
  5 jackals
  9 kobolds
  7 quokkas
  2 ball pythons
  6 frilled lizards
  A leopard gecko zombie (D:5)
  A quokka skeleton (D:4)
  8 rats
  2 fungi
  2 plants
994 creatures vanquished.

Vanquished Creatures (collateral kills)
  2 hydras (Swamp:2)
  An insubstantial wisp (Swamp:3)
3 creatures vanquished.

Vanquished Creatures (others)
  A hydra (Swamp:3)
  5 dream sheep (Lair:5)
  A swamp worm (Swamp:3)
  A swamp drake (Swamp:3)
  An adder (D:5)
  2 white imps (IceCv)
  10 fungi
  12 plants
33 creatures vanquished.

Grand Total: 1030 creatures vanquished

Notes
Turn   | Place    | Note
-------+----------+-------------------------------------------
     0 | D:1      | Curus the Draconian Berserker began the quest for the Orb.
     0 | D:1      | Reached XP level 1. HP: 19/19 MP: 1/1
    76 | D:1      | Found a snail-covered altar of Cheibriados.
    84 | D:1      | Reached XP level 2. HP: 19/26 MP: 2/2
   536 | D:1      | Reached skill level 4 in Axes
   700 | D:2      | Noticed a +0 dagger
   701 | D:2      | Found a hide-covered altar of Uskayaw.
   701 | D:2      | Noticed a +0 hand axe
   722 | D:2      | Reached XP level 3. HP: 2/31 MP: 3/3
   733 | D:2      | HP: 1/31 [rat (2)]
   927 | D:2      | Noticed Sigmund
   938 | D:2      | Killed Sigmund
   938 | D:2      | Reached ** piety under Trog
   938 | D:2      | Reached skill level 6 in Axes
   938 | D:2      | Reached XP level 4. HP: 25/38 MP: 4/4
   938 | D:2      | Reached XP level 5. HP: 30/45 MP: 5/5
  1009 | D:2      | Reached XP level 6. HP: 5/51 MP: 6/6
  1342 | D:2      | Noticed Natasha
  1349 | D:2      | Killed Natasha
  1349 | D:2      | Reached skill level 7 in Axes
  1407 | D:2      | Found an ornate altar of the Wu Jian Council.
  1407 | D:2      | Found a glowing golden altar of the Shining One.
  1407 | D:2      | Found a radiant altar of Vehumet.
  1463 | D:2      | Identified the +0 helmet "Uguvvath" {MR+ Str+2 Int-2
                  | Slay+3}
  1463 | D:2      | Noticed Robin
  1482 | D:2      | Killed Robin
  1633 | D:2      | Noticed Natasha
  1641 | D:2      | Killed Natasha
  1689 | D:2      | Found a shimmering altar of Xom.
  1689 | D:2      | Found an opulent altar of Gozag.
  1816 | D:2      | Found a bloodstained altar of Trog.
  1816 | D:2      | Found an iron altar of Okawaru.
  1840 | D:2      | Noticed Natasha
  1859 | D:2      | Killed Natasha
  2109 | D:3      | Reached *** piety under Trog
  2411 | D:3      | Reached skill level 8 in Axes
  2451 | D:3      | Your scales start taking on a dull iron-grey colour.
  2451 | D:3      | Reached XP level 7. HP: 53/57 MP: 7/7
  2451 | D:3      | Gained mutation: You can survive without breathing. [Grey
                  | Draconian growth]
  2578 | D:3      | Gained mutation: You occasionally shout uncontrollably at
                  | your foes. [potion of mutation]
  2578 | D:3      | Gained mutation: Your system is resistant to poisons.
                  | (rPois) [potion of mutation]
  2578 | D:3      | Gained mutation: You have a pair of small horns on your
                  | head. [potion of mutation]
  2667 | D:3      | Found a sparkling altar of Nemelex Xobeh.
  2909 | D:4      | Got a translucent tin ring
  2911 | D:4      | Identified the ring "Xuf Tula" {rF+ rN+ EV+4 Dex-4 Slay+3}
                  | (You found it on level 4 of the Dungeon)
  3304 | D:4      | You fall into a shaft and drop 1 floor!
  3304 | D:5      | Entered Level 5 of the Dungeon
  3543 | D:5      | Reached skill level 9 in Axes
  3572 | D:5      | Reached **** piety under Trog
  3647 | D:5      | Found a staircase to the Ecumenical Temple.
  3773 | D:5      | Noticed Pikel
  3790 | D:5      | Killed Pikel
  3790 | D:5      | Reached skill level 10 in Axes
  3790 | D:5      | Reached XP level 8. HP: 63/63 MP: 8/8
  4175 | D:5      | Found an ancient bone altar of Kikubaaqudgha.
  4458 | D:5      | Reached skill level 11 in Axes
  4570 | D:6      | Reached XP level 9. HP: 69/70 MP: 9/9
  4590 | D:6      | Reached skill level 12 in Axes
  4903 | D:7      | Found Osabouxe's Weapon Shop.
  4926 | D:7      | Bought a +1 broad axe of flaming for 227 gold pieces
  5037 | D:7      | Found a shattered altar of Ashenzari.
  5130 | D:7      | Reached ***** piety under Trog
  5203 | D:7      | Found a transporter.
  5207 | D:7      | Noticed Grum
  5348 | D:7      | Identified the +4 lajatang "Taufib" {slice, Str+3 Int-4
                  | Dex+4}
  5348 | D:7      | Identified the ring "Ril Zosm" {rF+ rC+ AC+2 Int+4 Dex-2}
  5350 | D:7      | Noticed H0rd4k's ghost (novice HuAr)
  5363 | D:7      | Found a transporter.
  5497 | D:7      | Reached skill level 13 in Axes
  5847 | D:8      | Found a shadowy altar of Dithmenos.
  6107 | D:8      | Received a gift from Trog
  6175 | D:8      | Noticed Psyche
  6184 | D:8      | Killed Psyche
  6184 | D:8      | Reached skill level 14 in Axes
  6184 | D:8      | Reached XP level 10. HP: 77/77 MP: 10/10
  6370 | D:9      | Found Ymiekes's Book Shoppe.
  6414 | D:9      | Found a staircase to the Lair.
  6428 | Lair:1   | Entered Level 1 of the Lair of Beasts
  6523 | Lair:1   | Found a runed translucent door.
  6524 | Lair:1   | Noticed monokles's ghost (journeyman TeSu)
  6525 | Lair:1   | Identified the +6 spear of Zeazup {speed, *Slow MR+ SInv}
  6550 | Lair:1   | Noticed a spiny frog
  6558 | Lair:1   | Killed a spiny frog
  6560 | Lair:1   | Reached skill level 5 in Fighting
  6705 | Lair:1   | Reached skill level 5 in Dodging
  6713 | Lair:1   | Found a glowing golden altar of the Shining One.
  7178 | Lair:1   | Killed monokles's ghost
  7178 | Lair:1   | Reached XP level 11. HP: 63/92 MP: 7/11
  7610 | Lair:2   | Noticed an eight-headed hydra
  7620 | Lair:2   | Killed a four-headed hydra
  7636 | Lair:2   | Noticed a seven-headed hydra
  7646 | Lair:2   | Killed a four-headed hydra
  8084 | Lair:2   | Found a hole to the Spider Nest.
  8189 | Lair:2   | Noticed Urug
  8200 | Lair:2   | Killed Urug
  8200 | Lair:2   | Reached skill level 10 in Fighting
  8346 | Lair:2   | Reached XP level 12. HP: 51/108 MP: 7/12
  8973 | Lair:3   | Found a staircase to the Swamp.
  9096 | Lair:3   | Reached skill level 10 in Dodging
  9098 | Lair:3   | Received a gift from Trog
  9120 | Lair:3   | Noticed a five-headed hydra
  9131 | Lair:3   | Killed a one-headed hydra
  9697 | Lair:4   | Noticed a seven-headed hydra
  9705 | Lair:4   | Killed a two-headed hydra
 10542 | Lair:5   | Found a shimmering altar of Xom.
 10797 | Lair:5   | Noticed an eight-headed hydra
 10804 | Lair:5   | Killed a four-headed hydra
 11357 | Lair:6   | Entered Level 6 of the Lair of Beasts
 11377 | Lair:6   | Reached XP level 13. HP: 114/122 MP: 11/13
 11484 | Lair:6   | Noticed an entropy weaver
 11499 | Lair:5   | Killed an entropy weaver
 11499 | Lair:5   | Received a gift from Trog
 11560 | Lair:6   | Noticed an entropy weaver
 12155 | Lair:6   | Received a gift from Trog
 12515 | Lair:6   | Killed an entropy weaver
 12615 | Lair:6   | Found a staircase to the Slime Pits.
 12750 | Lair:6   | Reached skill level 15 in Fighting
 12890 | Lair:6   | Reached XP level 14. HP: 104/135 MP: 14/14
 13824 | D:9      | Found a sacrificial altar of Ru.
 13925 | D:9      | Received a gift from Trog
 13946 | D:9      | Noticed Maurice
 13953 | D:9      | Killed Maurice
 14073 | D:9      | Found a staircase to the Orcish Mines.
 14092 | Orc:1    | Entered Level 1 of the Orcish Mines
 14092 | Orc:1    | Found a runed translucent gate.
 14093 | Orc:1    | Found a runed translucent gate.
 14093 | Orc:1    | Found an opulent altar of Gozag.
 14094 | Orc:1    | Found a runed translucent gate.
 14094 | Orc:1    | Noticed an orc warlord
 14110 | D:9      | Killed an orc warlord
 14110 | D:9      | Reached skill level 1 in Evocations
 14599 | Orc:1    | Reached ****** piety under Trog
 14691 | Orc:1    | Found Cinaepty's Assorted Antiques.
 14693 | Orc:1    | Noticed monokles's ghost (journeyman KoEn)
 14890 | Orc:1    | Killed monokles's ghost
 14924 | Orc:1    | Bought 3 scrolls of teleportation for 252 gold pieces
 14924 | Orc:1    | Bought a scroll labeled OBLIEVUCUC for 28 gold pieces
 14924 | Orc:1    | Bought a scroll of blinking for 210 gold pieces
 14924 | Orc:1    | Bought a runed cloak for 210 gold pieces
 14944 | Orc:2    | Entered Level 2 of the Orcish Mines
 14986 | Orc:2    | Paralysed by an ogre mage for 6 turns
 14998 | Orc:2    | Reached skill level 15 in Axes
 14999 | Orc:2    | Received a gift from Trog
 15001 | Orc:2    | Reached skill level 5 in Evocations
 15348 | Orc:2    | Paralysed by an ogre mage for 6 turns
 15728 | Orc:2    | Noticed Nessos
 15740 | Orc:2    | Found Gigreff's Book Shoppe.
 15750 | Orc:1    | Reached skill level 16 in Axes
 16019 | Orc:2    | Found a staircase to the Elven Halls.
 16023 | Orc:2    | Found Qiegiy's Jewellery Emporium.
 16024 | Orc:2    | Found Guzose Zife's Weapon Shop.
 16038 | Orc:2    | Reached XP level 15. HP: 138/141 MP: 18/18
 16049 | Orc:2    | Found Kecseceth's Antique Armour Emporium.
 16063 | Orc:2    | Killed Nessos
 16194 | Orc:2    | Bought the ring "Bymus" {rN++ MR+ SInv} for 647 gold pieces
 16218 | Orc:2    | Bought a pair of ichor-stained gloves for 237 gold pieces
 16218 | Orc:2    | Bought an embroidered scarf for 200 gold pieces
 16228 | Orc:2    | Identified the cursed +0 pair of gloves of Midwinter
                  | {Int+2} (You bought it in a shop on level 2 of the Orcish
                  | Mines)
 16506 | D:10     | Entered Level 10 of the Dungeon
 17240 | D:11     | Noticed Erica
 17251 | D:11     | Killed Erica
 17356 | D:11     | Noticed Sonja
 17365 | D:11     | Killed Sonja
 17401 | D:11     | Received a gift from Trog
 17499 | D:11     | Identified the ring of Wannejar {Wiz Dex+8}
 17872 | D:11     | Reached skill level 17 in Axes
 18096 | D:12     | Identified a scroll of acquirement
 18167 | D:12     | Noticed Fannar
 18189 | D:12     | Killed Fannar
 18301 | D:12     | Found a stormy altar of Qazlal.
 18512 | D:12     | Found the +15 Maxwell's patent armour {-Cast -Tele rElec
                  | MR+ rCorr}
 18657 | D:12     | Found a runed translucent gate.
 18657 | D:12     | Found a runed translucent gate.
 18657 | D:12     | Found a runed translucent gate.
 18657 | D:12     | Noticed Loxlax's ghost (journeyman DrFE)
 18657 | D:12     | Identified the cursed ring of Woidyr {+Inv rElec rN++
                  | Int-2}
 18660 | D:12     | Found an iron altar of Okawaru.
 18689 | D:12     | Killed Loxlax's ghost
 19244 | D:13     | Received a gift from Trog
 19424 | D:13     | Reached skill level 18 in Axes
 19899 | D:13     | Found a gate to the Vaults.
 20094 | D:13     | Noticed Erolcha
 20103 | D:13     | Killed Erolcha
 20271 | D:14     | Received a gift from Trog
 20510 | D:14     | Reached skill level 19 in Axes
 20565 | D:14     | Reached XP level 16. HP: 145/149 MP: 19/19
 20567 | D:14     | You fall into a shaft and drop 1 floor!
 20567 | D:15     | Entered Level 15 of the Dungeon
 20605 | D:15     | Found a staircase to the Depths.
 20702 | D:15     | Found a glowing golden altar of the Shining One.
 20796 | D:15     | Identified Roxanne's Tome of Transformation
 20796 | D:15     | Noticed Roxanne
 20855 | D:15     | Killed Roxanne
 20875 | D:14     | Found a snail-covered altar of Cheibriados.
 20911 | D:14     | Noticed Azrael
 20920 | D:14     | Killed Azrael
 21130 | D:14     | Received a gift from Trog
 21517 | D:15     | Reached skill level 20 in Axes
 21732 | D:15     | Received a gift from Trog
 22194 | Swamp:1  | Entered Level 1 of the Swamp
 22194 | Swamp:1  | Found a frozen archway.
 22209 | IceCv    | Entered an ice cave
 22740 | Swamp:1  | Received a gift from Trog
 25045 | Swamp:3  | Noticed Nikola
 25046 | Swamp:3  | Reached XP level 17. HP: 138/158 MP: 20/20
 25068 | Swamp:3  | HP: 5/158 [Nikola/chain lightning (19)]
 25068 | Swamp:3  | Killed from afar by Nikola

Levels and vault maps discovered:
D:1:      minmay_arrival_stone_box, layout_basic, cheibriados_altar_1
D:2:      layout_basic, gammafunk_temple_overflow_wave, dancing_weapons_uskayaw,
          chequers_temple_overflow_statue_of_worship,
          nicolae_overflow_hidden_temple, uniq_sigmund, uniq_robin, uniq_natasha
D:3:      minmay_door_path, layout_loops_ring, lemuel_coloured_pillars_altar,
          due_unseen_surprise
D:4:      layout_loops_ring, first_ration
D:5:      layout_gridville, minmay_temple_entry_offerings, basic_altar,
          uniq_pikel
D:6:      layout_rooms, minmay_checkerbox
D:7:      layout_gridville, ashenzari_conservatory_becter, serial_shops,
          shop_fountains, gammafunk_ghost_gnarly_gnolls, eino_tiny_chamber
D:8:      layout_loops_ring, lemuel_round_altar, grunt_ogre_cave,
          hangedman_abyss_or_decor_stagger, uniq_psyche
D:9:      layout_basic, nicolae_ru_great_annihilating_truth, lair_entry_dummy,
          orc_0_dummy, serial_shops, shop, uniq_maurice
D:10:     layout_basic, grunt_ministairs_12
D:11:     layout_loops_cross, kennysheep_generic_room_2, uniq_erica, uniq_sonja
D:12:     layout_loops_ring, gammafunk_ghost_fury_of_okawaru,
          grunt_qazlal_clouds, uniq_fannar
D:13:     layout_roguey, erik_vaults_2, nicolae_lava_and_water, uniq_erolcha
D:14:     layout_stronghold, basic_altar, serial_bayou_pond_a,
          minmay_misc_feat_diagonals, hangedman_batty, uniq_azrael
D:15:     grunt_enter_depths_giant_problem, layout_basic, special_room
          [special_room_orc], tso_metal_star, uniq_roxanne
Lair:1:   layout_gridlike, ebering_ghost_funeral_grove, basic_altar,
          grunt_megastairs_1
Lair:2:   layout_chaotic_city, dummy_spider_entry, minivault_23,
          lemuel_fruit_fields, uniq_urug
Lair:3:   layout_roguey, skrybe_swamp_entry_bodies
Lair:4:   layout_regular_city
Lair:5:   layout_cave_pods, kb_xom_exploding_sheep, grunt_megastairs_5,
          serial_bayou_shore_b
Lair:6:   minmay_lair_end_enchanted_forest, layout_long_grid,
          minmay_slime_entry_jelly_boxes, minivault_11, minivault_29,
          infiniplex_staircase_pool_2
Swamp:1:  layout_falls_marsh, portal_ice_cave_entry_pillars_1,
          hangedman_swamp_pad
Swamp:2:  layout_falls_marsh, hangedman_swamp_cone, swamp_pool2,
          st_swamp_ruins_4
Swamp:3:  layout_falls_marsh, serial_swamp_ruin, evilmike_swamp_ruin_house_6,
          evilmike_swamp_ruin_wall, uniq_nikola
Orc:1:    layout_caves, ebering_ghost_gozag
Orc:2:    st_orc_open, layout_caves, special_room, uniq_nessos

Skill      XL: |  1  2  3  4  5  6  7  8  9 10 11 12 13 14 15 16 |
---------------+-------------------------------------------------+-----
Axes           | 4 6 8 10 11 14 16 19 20 | 20.9
Dodging        | 6 9 11 13 | 13.8
Fighting       | 7 10 13 15 16 | 16.0
Evocations     | 5 |  5.1

Action                   |  1- 3 |  4- 6 |  7- 9 | 10-12 | 13-15 | 16-18 || total
-------------------------+-------+-------+-------+-------+-------+-------++-------
Melee: Hand axe          |    75 |   152 |   216 |       |       |       ||   443
       Tailslap          |     8 |    14 |    31 |    58 |   142 |    63 ||   316
       Headbutt          |       |       |    43 |    94 |   191 |    91 ||   419
       Broad axe         |       |       |   112 |   431 |   423 |    76 ||  1042
       Executioner's axe |       |       |       |       |   614 |   372 ||   986
Invok: Berserk           |     2 |     1 |     1 |     2 |    15 |     2 ||    23
       Trog's Hand       |       |       |       |     1 |     2 |     1 ||     4
       Brothers in Arms  |       |       |       |       |     1 |     2 ||     3
Evoke: Wand              |       |       |     1 |       |     4 |     1 ||     6
  Use: Potion            |     4 |     4 |     5 |       |     2 |     1 ||    16
       Scroll            |     1 |     1 |     8 |     5 |    13 |     7 ||    35
 Stab: Sleeping          |       |     7 |     3 |       |     2 |       ||    12
       Distracted        |       |     2 |       |       |     1 |       ||     3
       Paralysed         |       |       |       |       |     1 |       ||     1
  Eat: Chunk             |     1 |     7 |    13 |     8 |    40 |     1 ||    70
       Ration            |       |       |       |     3 |     2 |     5 ||    10
Armor: Skin              |    24 |    43 |   108 |   162 |   359 |   125 ||   821
Dodge: Dodged            |    37 |    76 |   192 |   383 |  1196 |   476 ||  2360
Block: Buckler           |       |       |       |       |    39 |       ||    39
